 Dungeon Crawl Stone Soup version 0.19.1 (webtiles) character file.

21007 Host24 the Fighter (level 13, 0/90 HPs)
             Began as a Kobold Assassin on Dec 24, 2016.
             Was the Champion of Dithmenos.
             Engulfed by desin's ghost's noxious fumes (2 damage)
             ... on level 2 of the Orcish Mines.
             The game lasted 00:52:32 (16085 turns).

Host24 the Fighter (Kobold Assassin)               Turns: 16085, Time: 00:52:33

Health: 0/90       AC: 10    Str: 12 (14) XL:     13   Next: 16%
Magic:  0/13       EV: 18    Int: 10 (12) God:    Dithmenos [******]
Gold:   1239       SH:  0    Dex: 26 (28) Spells: 1 memorised, 11 levels left

rFire  + . .     SeeInvis .     j - +6 rapier (elec)
rCold  + . .     Gourm    .     c - +0 robe
rNeg   . . .     Faith    .     (shield restricted)
rPois  .         Spirit   +     p - +2 hat
rElec  .         Reflect  .     d - +2 cloak
rCorr  .         Harm     .     r - +2 pair of gloves
MR     .....                    (no boots)
Stlth  +++.......               t - amulet of guardian spirit
                                S - ring of protection from fire
                                O - ring of protection from cold

@: confused, mighty, agile, wreathed by umbra, very heavily drained
A: agile 1, carnivore 3, MP-powered wands, sturdy frame 1
a: Shadow Step, Shadow Form, Renounce Religion


You were on level 2 of the Orcish Mines.
You worshipped Dithmenos.
Dithmenos was exalted by your worship.
You were full.

You visited 4 branches of the dungeon, and saw 15 of its levels.
You also visited: Ossuary.

You collected 1239 gold pieces.

Inventory:

Hand Weapons
 b - a +0 blowgun
 f - a +2 rapier of venom
 j - a +6 rapier of electrocution (weapon)
Missiles
 e - 49 poisoned needles
 k - 439 stones (quivered)
 m - 25 tomahawks
 s - 108 sling bullets
 v - 85 bolts
 z - 6 throwing nets
 B - 127 arrows
 Q - 9 curare-tipped needles
Armour
 c - a +0 robe (worn)
 d - a +2 cloak (worn)
 p - a +2 hat (worn)
 r - a +2 pair of gloves (worn)
Jewellery
 i - an uncursed ring of teleportation
 t - an amulet of guardian spirit (around neck)
 O - a ring of protection from cold (left hand)
 S - a ring of protection from fire (right hand)
Wands
 U - a wand of slowing (20/48)
 X - a wand of teleportation (6/9)
Scrolls
 a - 2 scrolls of amnesia {unknown}
 h - 9 scrolls of teleportation
 q - 4 scrolls of magic mapping
 w - 9 scrolls of identify
 y - 2 scrolls of enchant weapon
 D - 2 scrolls of noise
 E - 2 scrolls of enchant armour {unknown}
 F - 2 scrolls of fear {unknown}
 P - a scroll of vulnerability {unknown}
 R - 3 scrolls of remove curse
 T - a scroll of recharging {unknown}
 V - a scroll of immolation {unknown}
Potions
 C - 2 potions of curing
 I - 3 potions of lignification
 L - 2 potions of cancellation
 N - 3 potions of mutation
 W - a potion of haste
 Y - 2 potions of flight
Comestibles
 g - 5 meat rations
 l - 2 slices of pizza
 u - a royal jelly
 H - 3 beef jerkies


   Skills:
 - Level 14.0(0.0) Fighting
 + Level 13.9(0.0) Short Blades
 - Level 2.1(0.0) Throwing
 - Level 13.1(0.0) Dodging
 - Level 9.0(0.0) Stealth


You had 11 spell levels left.
You knew the following spells:

 Your Spells              Type           Power        Failure   Level  Hunger
a - Summon Butterflies    Summ           #.......     38%         1    ##.....


Dungeon Overview and Level Annotations

Branches:
Dungeon (11/15)            Temple (1/1) D:4            Lair (1/6) D:9
    Orc (2/2) D:10            Elf (0/3) Orc:2

Altars:
Ashenzari
Cheibriados
Dithmenos
Elyvilon
Fedhas
Gozag
Hepliaklqana
Kikubaaqudgha
Makhleb
Nemelex Xobeh
Okawaru
Qazlal
Ru
Sif Muna
Trog
Uskayaw
Vehumet
Xom
Yredelemnul
Zin
The Shining One
Beogh

Shops:
D:5 [   D:6 ?

Annotations:
D:3 randomNumberGod's ghost, amateur DECj
Lair:1 eataudio's ghost, novice MiBe
Orc:2 desin's ghost, journeyman GrWz


Innate Abilities, Weirdness & Mutations

You are small and have problems with some larger weapons.
You are carnivorous and can eat meat at any time.
You are agile. (Dex +2)
You expend magic power (3 MP) to strengthen your wands.
Your movements are slightly less encumbered by armour. (ER -2)


Message History

You are engulfed in noxious fumes.
You choke on the stench!
You are confused.
Desin's ghost hits you!
* * * LOW HITPOINT WARNING * * *
You feel drained.
* * * LOW HITPOINT WARNING * * *
You feel very mighty all of a sudden.
You are engulfed in noxious fumes.
* * * LOW HITPOINT WARNING * * *
You feel less confused.
Desin's ghost whispers, "The ORB doesn't exist."
Desin's ghost gestures at you while chanting.
The magic dart hits you!
* * * LOW HITPOINT WARNING * * *
As you read the scroll labeled COEMMO HOITZEWYGG, it crumbles to dust.
You hear a loud clanging noise!
It was a scroll of noise.
You are engulfed in noxious fumes.
You choke on the stench!
You are confused.
You die...

...#.......##....................
#..##............................
#...##...........................
#..#........................#....
........#........................
...#.............................
....###.........................#
....#..........§§§.............#.
#..............§@W.......#.......
##.............§§§..#....#.......
###.#.#..........................
#.###.............)....#.....####
...#.............##......[.....#
#...............###....#.[.....#
.......#........##....###......#
......#.............####..)[)[.##
.#.....#............####...##)##.


You could see desin's ghost.

Vanquished Creatures
  Gastronok (D:8)
  Harold (D:11)
  An orc high priest (Orc:2)
  An unseen horror (D:11)
  2 orc knights
  Pikel (D:8)
  An ugly thing (D:11)
  3 centaur zombies
  Joseph (D:7)
  A spiny frog (Lair:1)
  2 gargoyles
  3 trolls
  A two-headed ogre (D:9)
  3 hippogriffs
  4 blink frogs (Lair:1)
  2 wyverns
  A wraith (D:10)
  10 yaks
  Eustachio (D:5)
  A hungry ghost (D:11)
  Grum (D:8)
  A mottled dragon (D:11)
  Edmund (D:6)
  7 wargs (Orc:2)
  A water moccasin (Lair:1)
  Duvessa (D:7)
  An ice beast (D:9)
  18 orc warriors
  2 slaves (D:8)
  A phantom (D:9)
  5 sky beasts
  6 wolves
  14 ogres
  A crocodile (Lair:1)
  A big kobold (D:11)
  5 bullfrogs
  A gnoll sergeant (D:7)
  3 water moccasin zombies (Ossuary)
  5 scorpions
  Dowan (D:7)
  6 wights
  6 howler monkeys
  5 crimson imps
  A quasit (D:7)
  Crazy Yiuf (D:7)
  2 jellies
  30 orc priests
  3 centaur skeletons
  8 hounds
  9 orc wizards
  4 iguanas
  Ijyb (D:2)
  8 worker ants
  4 big kobold zombies (Ossuary)
  2 hound zombies
  2 hound skeletons
  2 mummies (Ossuary)
  A worker ant zombie (D:11)
  6 gnolls
  15 adders
  A shadow imp (D:10)
  4 adder zombies
  3 worms
  4 dart slugs
  3 leopard geckos
  65 orcs
  7 bats
  3 giant cockroaches
  5 gnoll zombies (Ossuary)
  9 goblins
  15 hobgoblins
  19 jackals
  7 kobolds
  4 quokkas
  7 frilled lizards
  4 hobgoblin zombies (Ossuary)
  5 kobold zombies (Ossuary)
  4 orc zombies (Ossuary)
  6 rats
408 creatures vanquished.

Vanquished Creatures (others)
  A jelly (D:8)
1 creature vanquished.

Grand Total: 409 creatures vanquished

Notes
Turn   | Place    | Note
-------+----------+-------------------------------------------
     0 | D:1      | Host24 the Kobold Assassin began the quest for the Orb.
     0 | D:1      | Reached XP level 1. HP: 12/12 MP: 1/1
   214 | D:1      | Reached skill level 3 in Fighting
   214 | D:1      | Reached XP level 2. HP: 17/19 MP: 2/2
   338 | D:1      | Reached XP level 3. HP: 8/23 MP: 3/3
   954 | D:1      | Reached skill level 4 in Fighting
  1317 | D:2      | Reached XP level 4. HP: 26/29 MP: 4/4
  1771 | D:2      | Reached XP level 5. HP: 28/33 MP: 3/5
  1800 | D:2      | Noticed Ijyb
  1807 | D:2      | Killed Ijyb
  2198 | D:3      | Found a shadowy altar of Dithmenos.
  2201 | D:3      | Became a worshipper of Dithmenos the Shadowed
  2231 | D:3      | Reached XP level 6. HP: 5/38 MP: 1/6
  2590 | D:3      | Reached skill level 5 in Dodging
  2781 | D:3      | Noticed randomNumberGod's ghost (amateur DECj)
  3000 | D:3      | Found a basalt altar of Yredelemnul.
  3034 | D:4      | Found a sand-covered staircase.
  3056 | Ossuary  | Entered an ossuary
  3236 | Ossuary  | Reached * piety under Dithmenos
  3376 | Ossuary  | Reached XP level 7. HP: 22/44 MP: 4/7
  3560 | Ossuary  | Reached skill level 5 in Fighting
  3802 | D:4      | Reached skill level 6 in Fighting
  3868 | D:4      | Reached skill level 5 in Short Blades
  3911 | D:4      | Reached XP level 8. HP: 51/51 MP: 8/8
  4509 | D:4      | Reached ** piety under Dithmenos
  4848 | D:4      | Found a staircase to the Ecumenical Temple.
  4861 | Temple   | Entered the Ecumenical Temple
  5516 | D:5      | Entered Level 5 of the Dungeon
  5516 | D:5      | Noticed Eustachio
  5580 | D:4      | Reached skill level 7 in Fighting
  5810 | D:5      | Killed Eustachio
  6055 | D:5      | Reached skill level 8 in Fighting
  6075 | D:5      | Found Utetzuc's Armour Shop.
  6123 | D:5      | Reached XP level 9. HP: 57/60 MP: 9/9
  6138 | D:5      | Reached skill level 9 in Fighting
  6200 | D:5      | Found a burning altar of Makhleb.
  6201 | D:5      | Found an opulent altar of Gozag.
  6496 | D:6      | Found Toheulom's Magic Scroll Shop.
  6629 | D:6      | Noticed Edmund
  6644 | D:6      | Killed Edmund
  6954 | D:6      | You fall through a shaft for 3 floors!
  7014 | D:8      | Reached *** piety under Dithmenos
  7022 | D:8      | Reached skill level 10 in Short Blades
  7051 | D:8      | Noticed Pikel
  7178 | D:8      | Noticed a troll
  7189 | D:8      | You fall through a shaft for 3 floors!
  7432 | D:11     | Reached XP level 10. HP: 38/66 MP: 2/10
  7528 | D:11     | Noticed Harold
  7566 | D:11     | Killed Harold
  7566 | D:11     | Reached skill level 10 in Dodging
  7793 | D:11     | Killed an unseen horror
  7793 | D:11     | Reached skill level 10 in Fighting
  7808 | D:11     | Noticed a green ugly thing
  7927 | D:11     | Noticed a cyan ugly thing
  8040 | D:11     | Reached XP level 11. HP: 72/72 MP: 11/11
  8086 | D:10     | Entered Level 10 of the Dungeon
  8205 | D:10     | Identified the +8 quarterstaff of Qazlal's Reproof {crush, rF+} (You found it on level 10 of the Dungeon)
  8322 | D:10     | Reached skill level 11 in Fighting
  8612 | D:8      | Noticed Gastronok
  8627 | D:8      | Killed Gastronok
  8627 | D:8      | Reached skill level 12 in Fighting
  8696 | D:7      | Noticed Joseph
  8699 | D:7      | Killed Joseph
  9123 | D:7      | Reached skill level 13 in Fighting
  9338 | D:7      | Noticed Dowan
  9371 | D:7      | Killed Dowan
  9454 | D:7      | Reached **** piety under Dithmenos
  9464 | D:7      | Noticed Duvessa
  9489 | D:7      | Killed Duvessa
  9786 | D:7      | Found a runed door.
  9790 | D:7      | Noticed Crazy Yiuf
  9793 | D:7      | Killed Crazy Yiuf
  9897 | D:8      | Noticed Grum
  9960 | D:8      | Killed Grum
 10143 | D:8      | Found a snail-covered altar of Cheibriados.
 10438 | D:8      | Killed Pikel
 10438 | D:8      | Reached XP level 12. HP: 84/84 MP: 12/12
 10551 | D:8      | Found a white marble altar of Elyvilon.
 10901 | D:9      | Found a staircase to the Lair.
 10947 | D:9      | Found a hide-covered altar of Uskayaw.
 11054 | D:9      | Learned a level 1 spell: Summon Butterflies
 11948 | D:10     | Reached ***** piety under Dithmenos
 11956 | D:10     | Found a staircase to the Orcish Mines.
 12038 | D:10     | Found a roughly hewn altar of Beogh.
 12996 | Orc:1    | Entered Level 1 of the Orcish Mines
 13197 | Orc:2    | Entered Level 2 of the Orcish Mines
 13223 | Orc:2    | Found a staircase to the Elven Halls.
 13499 | Orc:2    | Noticed desin's ghost (journeyman GrWz)
 14578 | Lair:1   | Entered Level 1 of the Lair of Beasts
 14593 | Lair:1   | Noticed eataudio's ghost (novice MiBe)
 14817 | Lair:1   | Reached XP level 13. HP: 76/89 MP: 13/13
 14822 | Lair:1   | Reached skill level 14 in Fighting
 14891 | Lair:1   | Noticed a seven-headed hydra
 15170 | Orc:2    | Reached ****** piety under Dithmenos
 15301 | Orc:2    | Gained mutation: You are agile. (Dex +2) [a neqoxec]
 15691 | Orc:2    | Gained mutation: Your movements are slightly less encumbered by armour. (ER -2) [potion of mutation]
 15691 | Orc:2    | Gained mutation: You expend magic power (3 MP) to strengthen your wands. [potion of mutation]
 15721 | Orc:2    | HP: 2/90 [desin's ghost/orb of energy (21)]
 16017 | Orc:2    | Identified a scroll of acquirement
 16084 | Orc:2    | HP: 2/90 [desin's ghost/magic dart (5)]
 16085 | Orc:2    | Engulfed by desin's ghost's noxious fumes

Skill      XL: |  1  2  3  4  5  6  7  8  9 10 11 12 13 |
---------------+----------------------------------------+-----
Fighting       | 3 4 6 8 9 10 13 14 | 14.0
Short Blades   | 3 4 5 6 10 11 13 | 13.9
Dodging        | 2 4 6 8 11 13 | 13.1
Stealth        | 6 8 9 |  9.0
Throwing       | |  2.1

Action                   |  1- 3 |  4- 6 |  7- 9 | 10-12 | 13-15 || total
-------------------------+-------+-------+-------+-------+-------++-------
Melee: Dagger            |   121 |   322 |   371 |       |       ||   814
       Rapier            |       |       |   143 |   986 |   199 ||  1328
 Fire: Blowgun           |       |       |    25 |     7 |     1 ||    33
  Use: Scroll            |     3 |     2 |     2 |     3 |     5 ||    15
       Potion            |       |     4 |     2 |       |    21 ||    27
 Stab: Sleeping          |     5 |    12 |    15 |    26 |     3 ||    61
       Distracted        |     1 |     2 |       |     2 |     2 ||     7
       Invisible         |       |       |       |       |     2 ||     2
  Eat: Chunk             |    10 |     5 |    14 |    28 |     1 ||    58
Armor: Robe              |    36 |    56 |    58 |    73 |    16 ||   239
       Skin              |       |       |       |       |     1 ||     1
Dodge: Dodged            |    84 |   231 |   447 |   761 |    86 ||  1609
